← All builds
Beach sea / Legion / Economy first / OBSERVED BUILD

Standard beach sea

Legion Beach sea build order · Supreme Isthmus

Builds a shipyard early, gets a Syracusia out fast to contest or scout enemy sea entry, then expands into an Advanced Metal Extractor and more navy over the first 15 minutes.

Usually shipyard first (82%)

#naval #eco · 49 distinct matches · 27 players · 75% of Legion Beach sea games · team won 39% of 49 · Recently observed

HOW TO PLAY IT

Key timing: Shipyard by 2:06

  1. Take mex and wind while queuing the shipyard early.
  2. Get the shipyard up before 3:24 to start naval production.
  3. Add Argonaut and Iapetus to back up the early push.
  4. Push out a Syracusia fast to contest or scout enemy sea.
  5. Transition to T2 with an advanced mex as navy expands.

Phase by phase

TYPICAL OF ITS 49 GAMES
  1. 1
  2. 2
  3. 3
PLAY THE OPENING

Follow the example game's first 6:00 step by step: what to build now, what comes next, and where it goes. At 1× it keeps pace with your own game.

  1. 1

    Up to the Shipyard

    Economy
    • Metal Extractor3Mex
    • Wind Turbine3Wind
    • Wind Turbine2Windfor allies
    • Energy Storage1Energy storage
    Order
    1. ShipyardShipyard after 3 mex, 3 wind, 1 energy storagedone ~1:57, middle half 1:44–2:20

    By 1:41 in all: 3 mex · 3 wind · 1 energy storage

    The example game in this phase · 9 steps
    1. Wind ×3for Air
    2. Mex ×2
    3. Wind ×2
    4. Mex
    5. Wind ×2
    6. Energy storage
    7. Radar TowerRadar Tower
    8. BrambleBramble
    9. ShipyardShipyarddone 2:24 · typical 1:57
  2. 2

    Shipyard to 5:00

    Economy
    • Metal Extractor4Mex
    • Tidal Generator2Tidal
    Builders
    • Construction Ship2 Con ship
    Army
    • Argonaut1 Argonaut
    • Iapetus1 Iapetus
    • Syracusia1 Syracusia

    Some games also: Naval Radar / Sonar Tower (49%) · Hippocampus (47%) · wind (47%) · Stheno (47%) · Legion Drone (47%)

    By 5:00 in all: 7 mex · 4 wind · 2 tidal · 1 energy storage

    The example game in this phase · 13 steps
    1. IapetusIapetus
    2. Construction ShipCon ship
    3. Construction ShipCon shipfor Geo sea
    4. KeteaSubmarine
    5. Mex
    6. Con turret
    7. ArgonautArgonaut ×2
    8. Mex ×2
    9. SthenoStheno
    10. KeteaSubmarine ×2
    11. Mex
    12. Naval Radar / Sonar TowerNaval Radar / Sonar Tower
    13. Mex
  3. 3

    5:00 to 10:00

    Economy
    • Metal Extractor2Mex
    Builders
    • Dionysus1 Dionysus
    Army
    • Stheno1 Stheno
    • Legion Drone6 Legion Drone
    • Argonaut2 Argonaut
    • Syracusia2 Syracusia
    • Iapetus1 Iapetus
    Other
    • Naval Radar / Sonar Tower2 Naval Radar / Sonar Tower

    Some games also: Pharos (47%) · wind (43%) · con ship (43%) · wind (35%) · Naval Construction Turret (35%)

    By 10:00 in all: 9 mex · 7 wind · 4 tidal · 1 energy storage

    The example game in this phase · 43 steps
    1. KeteaSubmarine ×2
    2. Naval Radar / Sonar TowerNaval Radar / Sonar Towerfor Geo sea
    3. Con turret
    4. KeteaSubmarine
    5. Wind ×2
    6. ArgonautArgonaut
    7. Wind ×2
    8. ArgonautArgonaut
    9. Wind ×2
    10. ArgonautArgonaut
    11. Wind ×3
    12. ArgonautArgonaut ×5
    13. Wind
    14. ArgonautArgonaut ×8
    15. Wind ×4
    16. Con turret
    17. BeamerBeamer ×2
    18. Advanced Metal ExtractorT2 mex ×2done 10:32 · typical 9:42
    19. BeamerBeamer
    20. Advanced Metal ExtractorT2 mex
    21. Bot LabBot Labdone 12:06
    22. Wind
    23. LazarusLazarus
    24. Advanced Metal ExtractorT2 mex
    25. Wind
    26. LazarusLazarus ×2
    27. Wind
    28. TickTick ×2
    29. Wind
    30. TickTick ×5
    31. Wind
    32. HerringMissile corvette
    33. Wind
    34. ArgonautArgonaut
    35. Wind
    36. Construction BotCon bot
    37. Wind
    38. Metal storage
    39. Wind
    40. VeilVeil
    41. Wind
    42. Construction BotCon bot
    43. Con turret

Counts are medians over the build's games: half of them build more, half fewer. The example game is KolyaSalo's (32 OS, 10/10/2026); pick another.

Team trades

IN AT LEAST 30% OF ITS GAMES

You hand over

  • Wind Turbine3 Wind to Airfirst at 1:56 · in 67% of games

You get

  • Finch1 Finch from Airfirst at 2:01 · in 41% of games
  • Lazarus1 Lazarus from Geofirst at 2:18 · in 39% of games
  • Construction Bot1 Con bot from Geofirst at 2:27 · in 41% of games
  • Legion Construction Bot1 Legion Construction Bot from Geo or Air or Geo seafirst at 2:44 · in 33% of games
  • Advanced Construction Bot1 T2 con bot from Techfirst at 7:56 · in 76% of games

How it plays out

Typical game of this build, running totals by minute

Metal produced

010k20k30k
0:005:0010:0015:00

metal

Enemy metal destroyed

02.5k5k7.5k
0:005:0010:0015:00

metal

Own metal lost

02.5k5k7.5k
0:005:0010:0015:00

metal

49 games.

Show as table
ByMetal produced: This buildEnemy metal destroyed: This buildOwn metal lost: This build
1:0039800
2:0093100
3:00156200
4:00246000
5:0036458568
6:004920345230
7:006284875361
8:0076991386860
9:00913817181260
10:001088527731830
11:001289936062541
12:001524842733556
13:001823248624380
14:002023854804892
15:002303263656215
WHAT THE NUMBERS SAY

Standard beach sea has the weakest win rate here, with own metal lost outpacing enemy metal destroyed by 15:00.

  • + Early Syracusia by 4:43 gives fast sea presence to contest entry.
  • − Team wins only 38% of games, own metal lost (5105) nearly matches enemy destroyed (6441).
THE EXAMPLE YOU ARE READING

KolyaSalo

32.4 OS · 10/10/2026

Open source match ↗

6 received units · includes a constructor
80 metal received · 70176 energy received

Allied construction assistance is unknown. Timings are observations, not a promise of solo reproducibility.

Typical milestones

Shipyard1:57Middle 50%: 1:44–2:20 · n=49
Syracusia4:53Middle 50%: 4:25–5:47 · n=40
Advanced Metal Extractor9:42Middle 50%: 9:05–10:17 · n=35

Played most by

Rysica5games of this buildJesterB4games of this buildNFX_Scurvy4games of this buildAdeus3games of this buildEpicTyrannus3games of this build